 Dungeon Crawl Stone Soup version 0.30-a0-457-g4b7bca3bfa (webtiles) character file.

Game seed: 10909915171834107908

195 pokeman the Magician (level 5, -9/29 HPs)
             Began as a Deep Elf Hedge Wizard on Dec 14, 2022.
             Was an Initiate of Vehumet.
             Killed by divine providence
             ... invoked by an orc priest
              (15 damage)
             ... on level 4 of the Dungeon.
             The game lasted 00:05:14 (3087 turns).

pokeman the Magician (Deep Elf Hedge Wizard)        Turns: 3087, Time: 00:05:15

Health: -9/29      AC:  4    Str:  7    XL:     5   Next: 45%
Magic:  1/15       EV: 13    Int: 21    God:    Vehumet [......]
Gold:   257        SH:  0    Dex: 14    Spells: 5/16 levels left

rFire   . . .      SeeInvis .    g - +1 spear (vamp)
rCold   . . .      Faith    .    (no shield)
rNeg    . . .      Spirit   .    b - +0 robe
rPois   .          Reflect  .    s - +0 helmet
rElec   .          Harm     .    a - +0 cloak
rCorr   .          Rampage  .    (no gloves)
Will    .....                    (no boots)
Stlth   ++........               (no amulet)
HPRegen 0.24/turn                (no ring)
MPRegen 0.14/turn                (no ring)

@: lethally poisoned (-9 -> -12)
A: no striking features
a: Renounce Religion


You were on level 4 of the Dungeon.
You worshipped Vehumet.
Vehumet was noncommittal.
You visited 2 branches of the dungeon, and saw 5 of its levels.

You collected 257 gold pieces.

Inventory:

Hand Weapons
 g - a +1 vampiric spear (weapon)
Missiles
 h - a throwing net
Armour
 a - a +0 cloak (worn)
 b - a +0 robe (worn)
 s - a +0 helmet (worn)
Magical Staves
 p - a staff of fire
Jewellery
 n - a ring of ice
Scrolls
 c - a scroll of poison {unknown}
 e - a scroll of enchant armour {unknown}
 i - 3 scrolls of teleportation {unknown}
 j - 3 scrolls of fear {unknown}
 k - 2 scrolls of silence {unknown}
 l - a scroll of immolation {unknown}
 o - a scroll of blinking {unknown}
 q - 2 scrolls of identify {unknown}
 t - 3 scrolls of enchant weapon {unknown}
 u - 2 scrolls of torment {unknown}
Potions
 d - a potion of magic
 f - 3 potions of curing {unknown}
 m - a potion of brilliance {unknown}
 r - 2 potions of lignification {unknown}


   Skills:
 - Level 1.1 Fighting
 - Level 1.1 Armour
 - Level 3.0 Dodging
 - Level 3.0 Stealth
 * Level 6.3 Spellcasting
 + Level 2.7 Conjurations
 - Level 1.1 Summonings
 - Level 1.1 Translocations
 + Level 0.1 Fire Magic
 + Level 0.6 Evocations


You had 5 spell levels left.
You knew the following spells:

 Your Spells              Type           Power      Damage    Failure   Level
a - Magic Dart            Conj           72%        1d6       3%          1
b - Mephitic Cloud        Conj/Pois/Air  10%        N/A       21%         3
c - Call Imp              Summ           11%        N/A       9%          2
d - Blink                 Tloc           22%        N/A       9%          2
e - Hailstorm             Conj/Ice       12%        3d5       16%         3

Your spell library contained the following spells:

 Spells                   Type           Power      Damage    Failure   Level
 Slow                     Hex            24%        N/A       10%         1
 Cigotuvi's Dreadful Rot  Necr/Pois/Air  12%        N/A       14%         2
 Ice Form                 Ice/Tmut       6%         N/A       67%         4
 Simulacrum               Ice/Necr       3%         N/A       100%        6


Dungeon Overview and Level Annotations

Branches:
Dungeon (4/15)             Temple (1/1) D:4

Altars:
Cheibriados
Dithmenos
Elyvilon
Gozag
Hepliaklqana
Okawaru
Ru
Sif Muna
Trog
Uskayaw
Vehumet
Zin
The Shining One


Message History

The adder bites the plant.
The plant begins to die.
The orc priest hits you with a +0 war axe.
Casting: Magic Dart (safe; 3% risk of failure)
Confirm with . or Enter, or press ? or * to list all spells.
Aiming: Magic Dart (safe; 3% risk of failure)
Press: ? - help, Shift-Dir - straight line, f/p - orc priest
Aim: an orc priest, wielding a +0 war axe and wearing a +0 chain mail (100% to hit)
The magic dart hits the orc priest but does no damage.
The adder bites the plant.
The orc priest hits you with a +0 war axe.
Casting: Magic Dart (safe; 3% risk of failure)
Confirm with . or Enter, or press ? or * to list all spells.
Aiming: Magic Dart (safe; 3% risk of failure)
Press: ? - help, Shift-Dir - straight line, f/p - orc priest
Aim: an orc priest, wielding a +0 war axe and wearing a +0 chain mail (100% to hit)
The magic dart hits the orc priest but does no damage.
The adder bites the plant.
The plant is poisoned.
The adder poisons the plant!
The orc priest hits you but does no damage.
The orc hits the plant with a +0 short sword.
The plant begins to die.
The adder bites the plant.
The adder bites the plant.
The orc hits the plant with a +0 short sword.
You closely miss the orc priest.
A nearby plant withers and dies.
The orc priest hits you with a +0 war axe.
You closely miss the orc priest. The orc priest closely misses you.
You closely miss the orc priest. You closely miss the adder.
A nearby plant withers and dies.
The adder bites you.
The orc priest splashes around in the water.
The adder attacks as you move away! The adder bites you.
You are poisoned.
The adder poisons you!
You feel sick.
The orc priest hits you with a +0 war axe!
* * * LOW HITPOINT WARNING * * *
The adder misses you.
You feel sick.
The orc priest calls down the wrath of Beogh upon you.
Beogh smites you!
Ouch! That really hurt!
You die...

#).~~~~~≈≈ #. #..
~~~≈≈≈ #.
#)~~♣~≈≈≈≈≈≈~~♣♣#.
#)♣P~~~≈≈≈≈≈≈~~♣~.
#.~♣P≈≈≈≈≈≈≈~~~♣♣.
#.♣~~≈≈≈≈≈≈≈≈≈~♣~.
#ooP♣≈≈≈≈≈≈≈≈≈~♣~.
#S♣~P≈≈≈≈≈≈≈≈≈~♣♣.
#@♣♣~≈≈≈≈≈≈≈≈~~♣♣.
#.~~~♣≈≈≈≈≈≈≈PP~~#
#.P♣~~P≈≈≈≈≈~~~♣~#
#.#~~~~~≈≈≈≈♣~~♣~#
#.#~P~~~≈~P~P~♣~##
#.#♣~~~~~~~~~P♣♣##
#..~~~P~♣~~~♣P~♣##
##..~~~P~~PP~PP~##
###~♣P~~~~~~~♣###


You could see an orc priest, an adder and an orc.

Vanquished Creatures
  An orc priest (D:3)
  A jelly (D:4)
  An iguana (D:4)
  4 gnolls (D:4)
  2 adders
  A worm (D:2)
  A dart slug (D:4)
  5 orcs
  3 ball pythons
  4 endoplasms
  3 goblins
  3 hobgoblins
  2 jackals (D:4)
  3 kobolds
  4 quokkas
  2 bats
  2 frilled lizards (D:2)
  5 rats
47 creatures vanquished.

Vanquished Creatures (others)
  3 plants
3 creatures vanquished.

Grand Total: 50 creatures vanquished

Notes
Turn   | Place    | Note
-------+----------+-------------------------------------------
     0 | D:1      | pokeman the Deep Elf Hedge Wizard began the quest for the
                  | Orb.
     0 | D:1      | Reached XP level 1. HP: 10/10 MP: 7/7
   706 | D:1      | Reached XP level 2. HP: 16/16 MP: 5/9
  1058 | D:2      | Found a faded altar of an unknown god.
  1246 | D:2      | Reached skill level 5 in Spellcasting
  1260 | D:2      | Reached XP level 3. HP: 20/20 MP: 1/11
  1266 | D:2      | Learned a level 3 spell: Mephitic Cloud
  1269 | D:2      | Learned a level 2 spell: Call Imp
  1272 | D:2      | Learned a level 2 spell: Blink
  1276 | D:2      | Learned a level 3 spell: Hailstorm
  1958 | D:3      | Found a sacrificial altar of Ru.
  2084 | D:3      | Reached skill level 1 in Fighting
  2084 | D:3      | Reached skill level 1 in Armour
  2084 | D:3      | Reached XP level 4. HP: 25/25 MP: 3/13
  2723 | D:4      | Reached skill level 6 in Spellcasting
  2723 | D:4      | Reached XP level 5. HP: 29/29 MP: 1/15
  2890 | D:4      | Found a shadowy altar of Dithmenos.
  2924 | D:4      | Found a staircase to the Ecumenical Temple.
  2953 | Temple   | Entered the Ecumenical Temple
  3002 | Temple   | Became a worshipper of Vehumet
  3087 | D:4      | Killed from afar by an orc priest

Illustrated notes

Levels and vault maps discovered:
D:1:      minmay_arrival_hallway, layout_loops_ring,
          chequers_serial_rivers_marsh
D:2:      layout_rooms, hellmonk_ecumenical_altar_run_dry
D:3:      layout_loops_cross, mainiacjoe_overflow_brackets, serial_bayou_pond_b
D:4:      layout_basic, nicolae_dithmenos_shadow_blocks,
          minmay_temple_entry_large_hall, serial_bayou_lake_a, uniq_ijyb
Temple:   cyrus_circular_temple

Skill      XL: |  1  2  3  4  5 |
---------------+----------------+-----
Spellcasting   | 5 6 |  6.3
Fighting       | 1 |  1.1
Armour         | 1 |  1.1
Conjurations   | 2 |  2.7
Stealth        | 3 |  3.0
Dodging        | 3 |  3.0
Summonings     | |  1.1
Translocations | |  1.1
Fire Magic     | |  0.1
Evocations     | |  0.6

Action                   |  1- 3 |  4- 6 || total
-------------------------+-------+-------++-------
Melee: Spear             |    19 |    21 ||    40
 Cast: Magic Dart        |    80 |    59 ||   139
       Mephitic Cloud    |     1 |     4 ||     5
 Stab: Confused          |     2 |     3 ||     5
       Sleeping          |     1 |       ||     1
Armor: Robe              |    14 |     2 ||    16
Dodge: Dodged            |    14 |    12 ||    26

Table legend: (Time is in decaauts)
 A = Elapsed time spent in this place.
 B = Non-inter-level travel time spent in this place.
 C = Inter-level travel time spent in this place.
 D = Time resting spent in this place.
 E = Time spent auto-exploring this place.
 F = Levels seen in this place.
 G = Mean time per level.
                   A        B        C        D        E       F      G
               +--------+--------+--------+--------+--------+-----+--------+
         Total |   3114 |   2994 |    120 |      0 |   2619 |   5 |  622.8 |
       Dungeon |   3055 |   2943 |    112 |      0 |   2579 |   4 |  763.8 |
        Temple |     58 |     50 |      8 |      0 |     40 |   1 |   58.0 |
               +--------+--------+--------+--------+--------+-----+--------+

Top non-repeatable levels by time:
     D:3: 967 daAuts
     D:1: 853 daAuts
     D:2: 758 daAuts
     D:4: 477 daAuts
  Temple: 58 daAuts
